[Event "1st Regina Cattolica Open 2019"]
[Site "Cattolica"]
[Date "2019.06.15"]
[Round "1.11"]
[White "Malfagia, Andrea"]
[Black "Aimi, Luca"]
[Result "0-1"]
[ECO "D34"]
[WhiteElo "2191"]
[BlackElo "1942"]
[Annotator "RC"]
[PlyCount "158"]
[EventDate "2019.06.14"]
[EventType "swiss"]
[EventCountry "ITA"]
[SourceTitle "playchess.com"]
[Source "ChessBase"]
[SourceQuality "1"]
[TimeControl "5400+30"]

1. d4 e6 2. c4 d5 3. Nc3 c5 4. cxd5 exd5 5. Nf3 Nc6 6. g3 Nf6 7. Bg2 Be7 8. O-O O-O 9. Bg5 c4 10. Ne5 Be6 11. f4 Qc8 12. Bxf6 gxf6 13. Nxc6 bxc6 14. e3 Rb8 15. Rf2 f5 16. Qh5 Kh8 17. Kh1 Rg8 18. Rd1 Qf8 19. Bh3 Qc8 20. Rc2 Rg6 21. Ne2 Bf8 22. Ng1 Rh6 23. Qe2 Qa6 24. b3 Qa3 25. bxc4 dxc4 26. Bg2 Bd5 27. Bxd5 cxd5 28. Nf3 Re6 29. Ng5 Re7 30. Qh5 f6 31. Nf7+ Kg8 32. Qxf5 Kxf7 33. Qxd5+ Kg7 34. Qxc4 Qxe3 35. Rg2 Qe4 36. Qc1 Reb7 37. Re1 Qxd4 38. Qc6 Qc5 39. Qf3 Rb1 40. Reg1 Rxg1+ 41. Rxg1 Rd8 42. Rb1 Re8 43. h4 Qf5 44. Rb7+ Kh8 45. Kg2 Qc2+ 46. Kh3 Qc8+ 47. f5 Re7 48. Rb3 Re5 49. g4 Bc5 50. h5 Qe8 51. Kh4 Qg8 52. Qf4 Bb6 53. Qh6 Qg7 54. Qc1 Qd7 55. h6 Qd8 56. Qc6 Qf8 57. Kh5 Re3 58. g5 Rxb3 59. axb3 fxg5 60. Qc3+ Kg8 61. Kxg5 Qd8+ 62. Kh5 Qd1+ 63. Kg5 Qg1+ 64. Kh5 Qh2+ 65. Kg5 Bd8+ 66. f6 Qg2+ 67. Kf5 Qg6+ 68. Ke6 Qxh6 69. Qg3+ Qg6 70. Qe5 Qxf6+ 71. Qxf6 Bxf6 72. Kxf6 Kf8 73. b4 Ke8 74. Ke6 Kd8 75. Kd6 Kc8 76. Kc6 h6 77. b5 h5 78. b6 axb6 79. Kxb6 h4 0-1

[Event "1st Regina Cattolica Open 2019"]
[Site "Cattolica"]
[Date "2019.06.15"]
[Round "2.7"]
[White "Gohshtein, Pavel"]
[Black "Dudin, Gleb"]
[Result "1-0"]
[ECO "B06"]
[WhiteElo "2055"]
[BlackElo "2317"]
[Annotator "NA"]
[PlyCount "168"]
[EventDate "2019.06.14"]
[EventType "swiss"]
[EventCountry "ITA"]
[SourceTitle "playchess.com"]
[Source "ChessBase"]
[SourceQuality "1"]
[TimeControl "5400+30"]

1. e4 g6 2. d4 Bg7 3. g3 d6 4. h3 b6 5. Bg2 Bb7 6. Ne2 e6 7. O-O Ne7 8. Be3 Nd7 9. Qd2 h6 10. c4 Kf8 11. Nbc3 Kg8 12. Rae1 Kh7 13. g4 a6 14. Ng3 b5 15. cxb5 axb5 16. a3 Nb6 17. Kh2 Nc4 18. Qc2 Ba6 19. e5 Rb8 20. f4 b4 21. Nce4 Nxe3 22. Rxe3 Bxf1 23. Bxf1 bxa3 24. bxa3 dxe5 25. dxe5 Qd4 26. Re2 Nd5 27. Rd2 Qe3 $19 28. Nh5 Nxf4 29. Rd7 Nxh5 30. Rxf7 Rhf8 31. gxh5 Rb2 32. Nf6+ Kh8 33. Rxf8+ Bxf8 34. Qxb2 Qf4+ 35. Kg2 Kg7 36. hxg6 Qg5+ 37. Kh1 Bc5 38. Bg2 Qe3 39. Qb1 Qe2 40. Ne4 Bd4 41. Qf1 Qxf1+ 42. Bxf1 Bxe5 43. Nc5 Kxg6 44. Nxe6 Kf5 45. Bc4 c6 46. Kg2 Ke4 47. a4 Bc3 48. Kg3 Ke5 49. Kf3 Ba5 50. Kg4 Bd2 51. Kh5 Ke4 52. h4 Be1 53. Ba6 Kd5 54. Nf4+ Kd4 55. Ng6 Bd2 56. Ne7 c5 57. Nf5+ Kc3 58. Nd6 Kb4 59. Bb5 Be1 60. Nc4 Bf2 61. Kg4 Be1 62. h5 Bf2 63. Kf5 Bg3 64. Ke6 Bh4 65. Kd7 Bg5 66. Kc7 Bh4 67. Kb7 Bg5 68. Ne5 Bh4 69. Nd3+ Ka5 70. Nxc5 Bg5 71. Kc6 Be3 72. Ne4 Bf4 73. Kd5 Kb6 74. Ke6 Be3 75. Kf5 Bc1 76. Kg6 Be3 77. Nf6 Kc5 78. Ng4 Bf4 79. Nxh6 Kd6 80. Nf5+ Ke6 81. a5 Bb8 82. h6 Ke5 83. h7 Kf4 84. h8=Q Ke4 1-0

[Event "1st Regina Cattolica Open 2019"]
[Site "Cattolica"]
[Date "2019.06.15"]
[Round "2.8"]
[White "Mezentsev, Ivan"]
[Black "Aimi, Luca"]
[Result "1-0"]
[ECO "A34"]
[WhiteElo "2281"]
[BlackElo "1942"]
[Annotator "ChessBase"]
[PlyCount "49"]
[EventDate "2019.06.14"]
[EventType "swiss"]
[EventCountry "ITA"]
[SourceTitle "playchess.com"]
[Source "ChessBase"]
[SourceQuality "1"]
[TimeControl "5400+30"]

1. Nf3 e6 2. c4 c5 3. Nc3 Nc6 4. e3 Nf6 5. b3 d5 6. cxd5 exd5 7. Bb2 a6 8. Rc1 Be7 9. d4 O-O 10. Be2 b5 11. dxc5 Bxc5 12. O-O Be7 13. Bd3 Bg4 14. Nxb5 axb5 15. Rxc6 Rxa2 16. Qb1 Rxb2 17. Qxb2 Bxf3 18. gxf3 Qd7 19. Rfc1 Qh3 20. Qe5 Ba3 21. Ra1 b4 22. Qg3 Qh6 23. h4 Qh5 24. Rxf6 Bb2 25. Rf5 1-0

[Event "1st Regina Cattolica Open 2019"]
[Site "Cattolica"]
[Date "2019.06.15"]
[Round "2.9"]
[White "Albertini, Luca"]
[Black "Doric, Senad"]
[Result "1-0"]
[ECO "C42"]
[WhiteElo "2161"]
[BlackElo "2087"]
[Annotator "ChessBase"]
[PlyCount "71"]
[EventDate "2019.06.14"]
[EventType "swiss"]
[EventCountry "ITA"]
[SourceTitle "playchess.com"]
[Source "ChessBase"]
[SourceQuality "1"]
[TimeControl "5400+30"]

1. e4 e5 2. Nf3 Nf6 3. Nxe5 d6 4. Nf3 Nxe4 5. Nc3 Nf6 6. d4 Be7 7. Bf4 Bg4 8. h3 Bh5 9. Bd3 c6 10. Qe2 O-O 11. g4 Bg6 12. Bxg6 hxg6 13. O-O-O d5 14. Rdg1 Bb4 15. Nd1 Bd6 16. Be3 Re8 17. h4 Ne4 18. g5 Nd7 19. h5 Nf8 20. h6 Ne6 21. Qf1 gxh6 22. Rxh6 Kf8 23. Qh3 Ng7 24. Rh7 Nf5 25. Nh4 Nxh4 26. Qxh4 Ke7 27. f3 Ng3 28. Rxg3 Bxg3 29. Qxg3 Rf8 30. Nf2 Qd6 31. Bf4 Qe6 32. Be5 Rac8 33. Nd3 b6 34. Kd2 c5 35. Nf4 Qc6 36. Bf6+ 1-0

[Event "1st Regina Cattolica Open 2019"]
[Site "Cattolica"]
[Date "2019.06.15"]
[Round "2.10"]
[White "Deshpande Abhishek"]
[Black "Casagrande, Federico"]
[Result "1/2-1/2"]
[ECO "B13"]
[WhiteElo "1827"]
[BlackElo "1883"]
[Annotator "NA"]
[PlyCount "107"]
[EventDate "2019.06.14"]
[EventType "swiss"]
[EventCountry "ITA"]
[SourceTitle "playchess.com"]
[Source "ChessBase"]
[SourceQuality "1"]
[TimeControl "5400+30"]

1. e4 c6 2. d4 d5 3. exd5 cxd5 4. Bd3 Nc6 5. c3 g6 6. Bf4 Bg7 7. Nd2 Nf6 8. Ngf3 O-O 9. Qc2 Bd7 10. O-O Rc8 11. a3 Nh5 12. Bg3 Nxg3 13. hxg3 Nxd4 14. Nxd4 Bxd4 15. Qb3 Bb6 16. Nf3 Bc6 17. Ne5 Qd6 18. Rfe1 Qc5 19. Re2 e6 20. Rf1 Bd8 21. Qc2 Bf6 22. Ng4 Bg7 23. Qd2 Bb5 24. Bxb5 Qxb5 25. Rfe1 Rc4 26. Ne5 Rc7 27. Qf4 Rfc8 28. g4 a5 29. g5 Bxe5 30. Qxe5 Qd3 31. Re3 Qf5 32. Qg3 Rc4 33. Re5 Qc2 34. R5e2 Qa4 35. Qd6 Qc6 36. Qh2 Rg4 37. f4 Qb6+ 38. Kh1 Rc4 39. g3 Re4 40. Qh3 Rxe2 41. Rxe2 h5 42. gxh6 f5 43. h7+ Kh8 44. Qh6 Qd6 45. Kh2 b5 46. Re1 Qe7 47. Kg2 Qd6 48. a4 bxa4 49. Ra1 d4 50. cxd4 Qd5+ 51. Kh3 Qxd4 52. Ra3 Qe4 53. Qf8+ Kxh7 54. Qf7+ 1/2-1/2

[Event "1st Regina Cattolica Open 2019"]
[Site "Cattolica"]
[Date "2019.06.15"]
[Round "2.11"]
[White "Paduano, Claudio"]
[Black "Malfagia, Andrea"]
[Result "0-1"]
[ECO "A53"]
[WhiteElo "1959"]
[BlackElo "2191"]
[Annotator "NA"]
[PlyCount "148"]
[EventDate "2019.06.14"]
[EventType "swiss"]
[EventCountry "ITA"]
[SourceTitle "playchess.com"]
[Source "ChessBase"]
[SourceQuality "1"]
[TimeControl "5400+30"]

1. d4 Nf6 2. c4 d6 3. Nc3 Nbd7 4. e4 e5 5. d5 Nc5 6. f3 a5 7. Be3 Nfd7 8. Nh3 Be7 9. Qd2 h6 $14 10. b3 Nf8 11. g3 Bxh3 12. Bxh3 Bg5 13. Nd1 Ng6 14. O-O O-O 15. Bf5 Bxe3+ 16. Nxe3 Qg5 17. Kh1 Ne7 18. Bh3 g6 19. Bg2 f5 20. f4 exf4 21. gxf4 Qf6 22. exf5 gxf5 23. Rae1 Ng6 24. Bh3 Nh4 25. Qe2 Rae8 26. Qh5 Nd3 27. Re2 Kh7 28. Ng4 fxg4 29. Rxe8 Rxe8 30. Qxe8 gxh3 31. Qd7+ Kg6 32. Qxh3 Qf5 33. Rg1+ Kf7 34. Qxh4 Qe4+ 35. Rg2 Nxf4 36. Qf2 Kf6 37. Qb2+ Kf5 38. Qf2 Qxg2+ 39. Qxg2 Nxg2 40. Kxg2 Kg4 41. Kf2 Kh3 42. Kg1 h5 43. Kh1 Kh4 44. Kg2 Kg4 45. a3 h4 46. b4 a4 47. c5 b6 48. c6 b5 49. Kf2 Kf4 50. Kg2 Kg4 51. Kf2 Kf4 52. Kg2 Ke5 53. Kh3 Kxd5 54. Kxh4 Kxc6 55. Kg5 Kd7 56. h4 c5 57. h5 cxb4 58. h6 b3 59. h7 b2 60. h8=Q b1=Q 61. Qg7+ Kc6 62. Qc3+ Kb7 63. Qf3+ Kb6 64. Qe3+ Ka6 65. Qd4 Qc1+ 66. Kf6 Qxa3 67. Ke7 Qc5 68. Qg4 a3 69. Kd7 b4 70. Qe4 d5 71. Qg6+ Qb6 72. Qg8 a2 73. Qh8 d4 74. Qh1 Qb7+ 0-1

[Event "1st Regina Cattolica Open 2019"]
[Site "Cattolica"]
[Date "2019.06.15"]
[Round "3.1"]
[White "Vovk, Yuri"]
[Black "Drazic, Sinisa"]
[Result "1-0"]
[ECO "C67"]
[WhiteElo "2586"]
[BlackElo "2365"]
[Annotator "ChessBase"]
[PlyCount "61"]
[EventDate "2019.06.14"]
[EventType "swiss"]
[EventCountry "ITA"]
[SourceTitle "playchess.com"]
[Source "ChessBase"]
[SourceQuality "1"]
[TimeControl "5400+30"]

1. e4 e5 2. Nf3 Nc6 3. Bb5 Nf6 4. O-O Nxe4 5. Qe2 Nd6 6. Bxc6 dxc6 7. Qxe5+ Qe7 8. Qa5 Qd8 9. Qc3 f6 10. d3 Be7 11. Bf4 O-O 12. Qb3+ Nf7 13. Re1 b6 14. Nc3 Bg4 15. Nd2 a5 16. Qa4 Bd7 17. Bxc7 Qxc7 18. Rxe7 Ne5 19. Qa3 c5 20. Qb3+ Kh8 21. Nd5 Qc6 22. c4 Rab8 23. a4 Qc8 24. Re1 Qd8 25. d4 cxd4 26. R1xe5 fxe5 27. Qg3 Rg8 28. Nf3 Bxa4 29. Ng5 Be8 30. Qh4 h6 31. Qxh6+ 1-0

[Event "1st Regina Cattolica Open 2019"]
[Site "Cattolica"]
[Date "2019.06.15"]
[Round "3.2"]
[White "Laketic, Gojko"]
[Black "Repka, Christopher"]
[Result "1-0"]
[ECO "D31"]
[WhiteElo "2387"]
[BlackElo "2482"]
[Annotator "ChessBase"]
[PlyCount "75"]
[EventDate "2019.06.14"]
[EventType "swiss"]
[EventCountry "ITA"]
[SourceTitle "playchess.com"]
[Source "ChessBase"]
[SourceQuality "1"]
[TimeControl "5400+30"]

1. d4 d5 2. c4 e6 3. Nc3 a6 4. cxd5 exd5 5. Bf4 Be6 6. e3 Bd6 7. Bg3 Ne7 8. Bd3 Nbc6 9. Nge2 h5 10. h4 Nf5 11. Bxd6 Qxd6 12. Qd2 O-O-O 13. Nf4 Rhe8 14. O-O-O g6 15. Na4 Nb4 16. Nc5 Nxd3+ 17. Qxd3 Bd7 18. Qc3 Bb5 19. a4 Bc6 20. Nfd3 b6 21. Nxa6 Bxa4 22. b3 Bb5 23. Nab4 Kb7 24. Kb2 Ra8 25. g3 Bxd3 26. Nxd3 Qa3+ 27. Kc2 Qe7 28. Ra1 Nd6 29. Kb2 Ne4 30. Qc2 c5 31. Rhc1 Rac8 32. dxc5 bxc5 33. Ra4 Qf6+ 34. Ka2 Rc6 35. Nf4 Qe5 36. f3 Nxg3 37. Nd3 Qb8 38. Rb4+ 1-0

[Event "1st Regina Cattolica Open 2019"]
[Site "Cattolica"]
[Date "2019.06.15"]
[Round "3.3"]
[White "Kjartansson, Gudmundur"]
[Black "Mezentsev, Ivan"]
[Result "1-0"]
[ECO "E04"]
[WhiteElo "2459"]
[BlackElo "2281"]
[Annotator "ChessBase"]
[PlyCount "91"]
[EventDate "2019.06.14"]
[EventType "swiss"]
[EventCountry "ITA"]
[SourceTitle "playchess.com"]
[Source "ChessBase"]
[SourceQuality "1"]
[TimeControl "5400+30"]

1. Nf3 d5 2. g3 Nf6 3. Bg2 c5 4. O-O Nc6 5. d4 e6 6. c4 dxc4 7. dxc5 Qxd1 8. Rxd1 Bxc5 9. Nbd2 c3 10. bxc3 O-O 11. Nb3 Be7 12. c4 Bd7 13. Bb2 Rfd8 14. Nfd4 Rac8 15. Nb5 Be8 16. c5 Nb4 17. Nd6 Bxd6 18. cxd6 Bc6 19. e4 Nxe4 20. Bxe4 Bxe4 21. Rd4 Nc2 22. Rxe4 Nxa1 23. Bxa1 Rxd6 24. Rg4 g6 25. Bf6 Rd5 26. Rb4 b6 27. h4 e5 28. g4 Kf8 29. Re4 b5 30. Re2 h5 31. g5 Rc4 32. f3 Rxh4 33. Bxe5 Rc4 34. Bf6 b4 35. Kg2 Rd7 36. Re5 a6 37. Nc5 Rc2+ 38. Kg3 Rd1 39. Ne4 Rg1+ 40. Kf4 Rgc1 41. Nd6 Rc4+ 42. Nxc4 Rxc4+ 43. Kg3 h4+ 44. Kh3 Rf4 45. Re3 a5 46. Rd3 1-0

[Event "1st Regina Cattolica Open 2019"]
[Site "Cattolica"]
[Date "2019.06.15"]
[Round "3.4"]
[White "Gohshtein, Pavel"]
[Black "Gilevych, Artem"]
[Result "0-1"]
[ECO "C01"]
[WhiteElo "2055"]
[BlackElo "2448"]
[Annotator "NA"]
[PlyCount "90"]
[EventDate "2019.06.14"]
[EventType "swiss"]
[EventCountry "ITA"]
[SourceTitle "playchess.com"]
[Source "ChessBase"]
[SourceQuality "1"]
[TimeControl "5400+30"]

1. e4 e6 2. d4 d5 3. exd5 exd5 4. Nf3 Bd6 5. Bd3 Ne7 6. O-O Nbc6 7. c3 Bg4 8. Bg5 Qd7 9. Nbd2 f6 10. Bh4 O-O-O 11. Bg3 Ng6 12. Qa4 Kb8 13. Bb5 Nf4 14. Bxf4 Bxf4 15. Bxc6 Qxc6 16. Qxc6 bxc6 17. h3 Bh5 18. Nb3 Kc8 19. Rfe1 Bd6 20. Re6 Rde8 21. Rae1 Rxe6 22. Rxe6 Kd7 23. Re3 Rb8 24. g4 Bg6 25. Re2 Bd3 26. Rd2 Bb1 27. Nc5+ Bxc5 28. dxc5 Bxa2 29. Nd4 a5 30. b4 Bc4 31. bxa5 Ra8 32. Rb2 Rxa5 33. Rb8 Rxc5 34. Rg8 Bd3 35. Rxg7+ Kc8 36. Rf7 Rxc3 37. Ne6 Kb7 38. Rxc7+ Kb6 39. Rf7 Be4 40. Rxf6 Rxh3 41. Kf1 Bf3 42. Ke1 Bxg4 43. Nd4 Rd3 44. Ne2 h5 45. Rf4 c5 0-1

[Event "1st Regina Cattolica Open 2019"]
[Site "Cattolica"]
[Date "2019.06.15"]
[Round "3.6"]
[White "Palozza, Christian"]
[Black "Volpinari, Danilo"]
[Result "1/2-1/2"]
[ECO "A44"]
[WhiteElo "2225"]
[BlackElo "1966"]
[Annotator "NA"]
[PlyCount "101"]
[EventDate "2019.06.14"]
[EventType "swiss"]
[EventCountry "ITA"]
[SourceTitle "playchess.com"]
[Source "ChessBase"]
[SourceQuality "1"]
[TimeControl "5400+30"]

1. d4 c5 2. d5 e5 3. g3 d6 4. Bg2 Be7 5. Nc3 Nf6 6. Nf3 O-O 7. O-O a6 8. a4 b6 9. Nd2 Nbd7 10. Nc4 Rb8 11. h3 Ne8 12. e4 g6 13. Bh6 Ng7 14. f4 f6 15. h4 Rf7 16. Bh3 Nf8 17. Bxc8 Qxc8 18. Bxg7 Rxg7 19. fxe5 fxe5 20. Kg2 h5 21. Ne3 Nh7 22. Qe2 Nf6 23. b3 Qb7 24. Qd3 Rf8 25. Ne2 Rgf7 26. Ng1 Qc8 27. Nf3 Ng4 28. Nxg4 Qxg4 29. Nh2 Qc8 30. c4 a5 31. Rxf7 Rxf7 32. Rf1 Qf8 33. Rxf7 Qxf7 34. Nf3 Kg7 35. Qe3 Bf6 36. Nh2 Qe7 37. Qf3 Qf7 38. Kh3 Qe7 39. Nf1 Qd8 40. Ne3 Qe7 41. g4 Bxh4 42. gxh5 Bg5 43. hxg6 Bxe3 44. Qxe3 Kxg6 45. Qg3+ Qg5 46. Qg4 Qxg4+ 47. Kxg4 Kf6 48. Kh5 Kf7 49. Kh6 Kf6 50. Kh7 Kf7 51. Kh6 1/2-1/2

[Event "1st Regina Cattolica Open 2019"]
[Site "Cattolica"]
[Date "2019.06.15"]
[Round "3.7"]
[White "Malfagia, Andrea"]
[Black "Albini, Federico"]
[Result "1-0"]
[ECO "A65"]
[WhiteElo "2191"]
[BlackElo "1928"]
[Annotator "NA"]
[PlyCount "63"]
[EventDate "2019.06.14"]
[EventType "swiss"]
[EventCountry "ITA"]
[SourceTitle "playchess.com"]
[Source "ChessBase"]
[SourceQuality "1"]
[TimeControl "5400+30"]

1. d4 Nf6 2. c4 c5 3. d5 e6 4. Nc3 exd5 5. cxd5 d6 6. e4 g6 7. f3 Bg7 8. Bg5 O-O 9. Qd2 Re8 10. Nge2 Nbd7 11. Ng3 a6 12. a4 Qa5 13. Be2 b5 14. O-O b4 15. Nd1 h5 16. Ne3 Ne5 17. Bxf6 Bxf6 18. f4 Ng4 19. Bxg4 hxg4 20. e5 dxe5 21. Ne4 Bg7 22. f5 gxf5 23. Nxf5 Bxf5 24. Rxf5 Qb6 25. Raf1 c4+ 26. Kh1 c3 27. bxc3 bxc3 28. Qxc3 Qd4 29. Qc7 Rf8 30. Nf6+ Bxf6 31. Rxf6 Qxd5 32. Qc1 1-0

[Event "1st Regina Cattolica Open 2019"]
[Site "Cattolica"]
[Date "2019.06.15"]
[Round "3.8"]
[White "Aimi, Luca"]
[Black "Cappai, Davide"]
[Result "0-1"]
[ECO "A37"]
[WhiteElo "1942"]
[BlackElo "2185"]
[Annotator "NA"]
[PlyCount "76"]
[EventDate "2019.06.14"]
[EventType "swiss"]
[EventCountry "ITA"]
[SourceTitle "playchess.com"]
[Source "ChessBase"]
[SourceQuality "1"]
[TimeControl "5400+30"]

1. Nf3 c5 2. c4 g6 3. Nc3 Bg7 4. g3 Nc6 5. Bg2 Nh6 6. O-O O-O 7. d3 d6 8. Bd2 Rb8 9. Rb1 a6 10. Nh4 Bd7 11. Qc1 Ng4 12. h3 Nf6 13. Bh6 b5 14. Bxg7 Kxg7 15. b3 Nh5 16. Ne4 f5 17. Ng5 Nd4 18. Rb2 e5 19. Ngf3 Ne6 20. Nd2 Nhf4 21. Nb1 Nxg2 22. Nxg2 f4 23. Nc3 Nd4 24. g4 h5 25. f3 hxg4 26. hxg4 Rh8 27. e3 fxe3 28. Qxe3 Rh3 29. Ne4 Qe7 30. Ng5 Rh6 31. f4 Rbh8 32. fxe5 Rh1+ 33. Kf2 Rf8+ 34. Nf4 Rxf1+ 35. Kxf1 Qxg5 36. Rf2 Qxe5 37. Qd2 Bxg4 38. Nd5 Be2+ 0-1

[Event "1st Regina Cattolica Open 2019"]
[Site "Cattolica"]
[Date "2019.06.15"]
[Round "3.9"]
[White "Bettalli, Francesco"]
[Black "Puglia, Francesco"]
[Result "0-1"]
[ECO "A42"]
[WhiteElo "2169"]
[BlackElo "1891"]
[Annotator "NA"]
[PlyCount "78"]
[EventDate "2019.06.14"]
[EventType "swiss"]
[EventCountry "ITA"]
[SourceTitle "playchess.com"]
[Source "ChessBase"]
[SourceQuality "1"]
[TimeControl "5400+30"]

1. d4 g6 2. c4 Bg7 3. Nf3 d6 4. e4 Nc6 5. Nc3 e5 6. d5 Nce7 7. h3 f5 8. exf5 gxf5 9. g4 Nf6 10. Ng5 h6 11. Ne6 Bxe6 12. dxe6 c6 13. gxf5 Qc7 14. Qf3 O-O-O 15. Bd2 Rhf8 16. Rg1 e4 17. Nxe4 Nxe4 18. Rxg7 Nxd2 19. Kxd2 Qa5+ 20. Qc3 Qxf5 21. Be2 d5 22. c5 d4 23. Qg3 Qxc5 24. Rc1 Qa5+ 25. Kd1 d3 26. Bg4 d2 27. Ra1 Qa4+ 28. Qb3 Qxb3+ 29. axb3 Rxf2 30. Be2 Rh2 31. Rxe7 Rh1+ 32. Kc2 Rxa1 33. Rd7 Rxd7 34. exd7+ Kxd7 35. Kxd2 Kd6 36. Kc3 Rg1 37. h4 Rg3+ 38. Kc4 b5+ 39. Kb4 a5+ 0-1

[Event "1st Regina Cattolica Open 2019"]
[Site "Cattolica"]
[Date "2019.06.15"]
[Round "3.10"]
[White "Varvaglione, Antonio"]
[Black "Deshpande Abhishek"]
[Result "0-1"]
[ECO "A07"]
[WhiteElo "2154"]
[BlackElo "1827"]
[Annotator "NA"]
[PlyCount "93"]
[EventDate "2019.06.14"]
[EventType "swiss"]
[EventCountry "ITA"]
[SourceTitle "playchess.com"]
[Source "ChessBase"]
[SourceQuality "1"]
[TimeControl "5400+30"]

1. Nf3 d5 2. g3 Nf6 3. Bg2 c6 4. d3 Bf5 5. Nbd2 e6 6. O-O Be7 7. Qe1 O-O 8. e4 dxe4 9. dxe4 Bg6 10. Qe2 Nbd7 11. e5 Nd5 12. Ne4 Qc7 13. c4 N5b6 14. Bf4 Bxe4 15. Qxe4 Rad8 16. Rad1 Nc5 17. Qc2 Rxd1 18. Rxd1 Rd8 19. Rd6 Nc8 20. Rd2 Rxd2 21. Bxd2 Qd8 22. Bf1 Nd7 23. Bd3 Nf8 24. h4 h6 25. Be4 Qd7 26. h5 Bd8 27. Qc1 f5 28. exf6 Bxf6 29. Bf4 Ne7 30. b3 Nf5 31. Qa3 a6 32. Qb4 Nd4 33. Nxd4 Bxd4 34. Qd6 Qxd6 35. Bxd6 Kf7 36. Kf1 Nd7 37. Ke2 Kf6 38. f4 e5 39. b4 Ke6 40. c5 Nf6 41. Bg6 exf4 42. gxf4 Nd5 43. a3 Bb2 44. Kd3 Bxa3 45. Kc4 Bxb4 46. Be5 Bd2 47. Kd4 {Kxe5+} 0-1

[Event "1st Regina Cattolica Open 2019"]
[Site "Cattolica"]
[Date "2019.06.16"]
[Round "4.2"]
[White "Laketic, Gojko"]
[Black "Kjartansson, Gudmundur"]
[Result "0-1"]
[ECO "E21"]
[WhiteElo "2387"]
[BlackElo "2459"]
[Annotator "RC"]
[PlyCount "152"]
[EventDate "2019.06.14"]
[EventType "swiss"]
[EventCountry "ITA"]
[SourceTitle "playchess.com"]
[Source "ChessBase"]
[SourceQuality "1"]
[TimeControl "5400+30"]

1. d4 Nf6 2. c4 e6 3. Nc3 Bb4 4. Bd2 O-O 5. a3 Bxc3 6. Bxc3 b6 7. Nf3 Ne4 8. Rc1 Bb7 9. e3 d6 10. Be2 Nd7 11. O-O Nxc3 12. Rxc3 Re8 13. b4 a5 14. Qc2 axb4 15. axb4 c5 16. Rb1 Ra7 17. Nd2 Qh4 18. bxc5 bxc5 19. Bf3 Bxf3 20. Nxf3 Qd8 21. h3 h6 22. Qd1 Qc7 23. Ra1 Rea8 24. Rxa7 Rxa7 25. Rc1 Ra6 26. Ra1 Rxa1 27. Qxa1 cxd4 28. Qxd4 Nb6 29. Nd2 Qc6 30. f4 f6 31. Kf2 Kf7 32. Ne4 d5 33. cxd5 Nxd5 34. Qc5 Qa4 35. Qc4 Qa3 36. Qd4 f5 37. Nd2 Kg8 38. Qe5 Kf7 39. Qd4 Qc1 40. Nf3 Nf6 41. Nd2 Qd1 42. Qa7+ Kg6 43. Qa2 Kh5 44. g3 Kg6 45. Nf1 Ne4+ 46. Kg2 Kh7 47. Qb2 Kh8 48. Qb8+ Kh7 49. Qb2 Qd3 50. Qa2 h5 51. Kg1 Qd1 52. Kg2 Kh8 53. Qa8+ Kh7 54. Qa2 Qe1 55. Qc2 Kh6 56. Qa2 Kh7 57. Qc2 h4 58. gxh4 Kh6 59. Qa2 Kh5 60. Qb2 Kxh4 61. Qa2 Ng3 62. Nxg3 Qxg3+ 63. Kf1 Qxe3 64. Qa4 Kg3 65. Qc2 Qxf4+ 66. Kg1 Qd4+ 67. Kf1 Qa1+ 68. Ke2 Qg1 69. Qb3+ Kh2 70. Qxe6 Qg2+ 71. Kd1 Qf3+ 72. Kd2 Qf4+ 73. Kd1 Kxh3 74. Qd7 Qf3+ 75. Ke1 g5 76. Qd6 Qg3+ 0-1

[Event "1st Regina Cattolica Open 2019"]
[Site "Cattolica"]
[Date "2019.06.16"]
[Round "4.8"]
[White "Rago, Riccardo"]
[Black "Tramalloni, Luca"]
[Result "1-0"]
[ECO "D40"]
[WhiteElo "2097"]
[BlackElo "2008"]
[Annotator "NA RC"]
[PlyCount "101"]
[EventDate "2019.06.14"]
[EventType "swiss"]
[EventCountry "ITA"]
[SourceTitle "playchess.com"]
[Source "ChessBase"]
[SourceQuality "1"]
[TimeControl "5400+30"]

1. Nf3 c5 2. c4 Nf6 3. Nc3 e6 4. d4 d5 5. e3 Nc6 6. Be2 a6 7. O-O Be7 8. b3 O-O 9. Bb2 cxd4 10. Nxd4 Nxd4 11. Qxd4 dxc4 12. bxc4 Qxd4 13. exd4 Rb8 14. Rfd1 Rd8 15. Rac1 Bd7 16. Bf3 Bd6 17. Ne4 Nxe4 18. Bxe4 Bc6 19. f3 Bf4 20. Rc3 Ba4 21. Bc2 Bxc2 22. Rxc2 Rbc8 23. Kf2 Bg5 24. g3 Kf8 25. f4 Bf6 26. Ke3 Rd7 27. Ke4 Rdc7 28. Rdc1 Ke8 29. Rc3 Rd8 30. Rb3 Rcd7 31. Rd3 Rc7 32. Ba3 Rdc8 33. c5 Rd8 34. Rb1 Rcd7 35. Bb2 Be7 36. Rb3 Bf6 37. Rb4 Be7 38. Bc3 f5+ 39. Kf3 Bxc5 40. Rxb7 Rxb7 41. Rxb7 Bxd4 42. Bxd4 Rxd4 43. Rxg7 Ra4 44. Rxh7 Rxa2 45. Ke3 a5 46. Kd4 Kf8 47. Ke5 Re2+ 48. Kf6 Kg8 49. Rg7+ Kh8 50. Ra7 Rxh2 51. Kg6 1-0

[Event "1st Regina Cattolica Open 2019"]
[Site "Cattolica"]
[Date "2019.06.16"]
[Round "4.9"]
[White "Volpinari, Danilo"]
[Black "Casagrande, Federico"]
[Result "1/2-1/2"]
[ECO "E17"]
[WhiteElo "1966"]
[BlackElo "1883"]
[Annotator "NA RC"]
[PlyCount "37"]
[EventDate "2019.06.14"]
[EventType "swiss"]
[EventCountry "ITA"]
[SourceTitle "playchess.com"]
[Source "ChessBase"]
[SourceQuality "1"]
[TimeControl "5400+30"]

1. d4 Nf6 2. Nf3 e6 3. g3 b6 4. Bg2 Bb7 5. O-O Be7 6. c4 O-O 7. Nc3 d6 8. Qc2 c5 9. dxc5 bxc5 10. Rd1 Qb6 11. Bf4 Rd8 12. h3 Bc6 13. g4 Qb7 14. Ne1 h6 15. Rd2 d5 16. cxd5 exd5 17. e3 Na6 18. Rad1 c4 19. Qf5 1/2-1/2

[Event "1st Regina Cattolica Open 2019"]
[Site "Cattolica"]
[Date "2019.06.16"]
[Round "5.1"]
[White "Kjartansson, Gudmundur"]
[Black "Gilevych, Artem"]
[Result "1-0"]
[ECO "D31"]
[WhiteElo "2459"]
[BlackElo "2448"]
[Annotator "ChessBase"]
[PlyCount "86"]
[EventDate "2019.06.14"]
[EventType "swiss"]
[EventCountry "ITA"]
[SourceTitle "playchess.com"]
[Source "ChessBase"]
[SourceQuality "1"]
[TimeControl "5400+30"]

1. d4 d5 2. c4 e6 3. Nc3 Bb4 4. a3 Bxc3+ 5. bxc3 c6 6. a4 b6 7. Ba3 Ba6 8. e4 dxe4 9. Qg4 Nf6 10. Qf4 c5 11. dxc5 O-O 12. cxb6 Re8 13. bxa7 Rxa7 14. Be2 Qc8 15. Bd6 Nbd7 16. Qe3 Ra8 17. c5 Qc6 18. Bxa6 Rxa6 19. Ne2 Rxa4 20. Rxa4 Qxa4 21. O-O Rc8 22. Qd4 Qc6 23. Ra1 h6 24. Ra5 e5 25. Qd2 Ne8 26. h3 Nxd6 27. cxd6 Nf6 28. Ng3 g6 29. Rxe5 Rd8 30. Qxh6 Qxd6 31. Rg5 Rb8 32. Kh2 Rb2 33. Ra5 Qb8 34. Qe3 Kh7 35. Ra4 Rb1 36. Qd4 Qf4 37. Qe3 Qe5 38. f4 Qe8 39. Rd4 Qa8 40. Nxe4 Nh5 41. Ng5+ Kg7 42. Qe5+ Kg8 43. Nxf7 Ng7 1-0

[Event "1st Regina Cattolica Open 2019"]
[Site "Cattolica"]
[Date "2019.06.16"]
[Round "5.2"]
[White "Vovk, Yuri"]
[Black "Laketic, Gojko"]
[Result "1-0"]
[ECO "D15"]
[WhiteElo "2586"]
[BlackElo "2387"]
[Annotator "ChessBase"]
[PlyCount "63"]
[EventDate "2019.06.14"]
[EventType "swiss"]
[EventCountry "ITA"]
[SourceTitle "playchess.com"]
[Source "ChessBase"]
[SourceQuality "1"]
[TimeControl "5400+30"]

1. d4 Nf6 2. c4 c6 3. Nc3 d5 4. Nf3 Qb6 5. Qc2 Bg4 6. e3 e6 7. Bd3 Nbd7 8. Bd2 Qc7 9. cxd5 exd5 10. Nh4 Nb6 11. h3 Be6 12. O-O Be7 13. Nf3 Nc4 14. Bxc4 dxc4 15. e4 h6 16. Rfe1 O-O 17. Ne2 b5 18. Nf4 Bd7 19. b3 cxb3 20. axb3 Rfc8 21. e5 Nd5 22. e6 Be8 23. Nxd5 cxd5 24. Qf5 Qd8 25. Ra6 f6 26. Ba5 Rc7 27. Bxc7 Qxc7 28. Qxd5 Rc8 29. Rea1 Bc6 30. Qh5 Be8 31. Qf5 Bd6 32. Qe4 1-0